 Dungeon Crawl Stone Soup version 0.29.0-15-g675c0067aa (webtiles) character file.

Game seed: 16972780528387541943

57 qw the Chopper (level 4, -4/28 HPs)
             Began as a Gargoyle Fighter on Sept 12, 2022.
             Slain by Sigmund
             ... wielding a +0 scythe of flaming
              (5 damage)
             ... on level 2 of the Dungeon.
             The game lasted 00:00:32 (1608 turns).

qw the Chopper (Gargoyle Fighter)                   Turns: 1608, Time: 00:00:33

Health: -4/28      AC: 10    Str: 22    XL:     4   Next: 0%
Magic:  4/4        EV:  9    Int:  8    God:
Gold:   48         SH:  0    Dex:  9    Spells: 3/3 levels left

rFire   . . .      SeeInvis .   Y - +0 war axe
rCold   . . .      Faith    .   c - +0 buckler
rNeg    + . .      Spirit   .   b - +0 scale mail
rPois   inf        Reflect  .   (no helmet)
rElec   +          Harm     .   (no cloak)
rCorr   .          Rampage  .   (no gloves)
Will    .....                   (no boots)
Stlth   ..........              (no amulet)
HPRegen 0.09/turn               (no ring)
MPRegen 0.09/turn               (no ring)

@: confused
A: sickness immunity, AC +3, negative energy resistance 1, electricity
resistance, torment resistance 1, petrification resistance
a: no special abilities


You were on level 2 of the Dungeon.
You visited 1 branch of the dungeon, and saw 2 of its levels.

You collected 48 gold pieces.


Innate Abilities, Weirdness & Mutations

You are immune to sickness and miasma.
Your stone body is resilient. (AC +3)
You are immune to poison.
You resist negative energy. (rN+)
You are resistant to electric shocks. (rElec)
You are resistant to unholy torment.
You are immune to petrification.


   Skills:
 - Level 3.2 Fighting
 + Level 3.7 Axes
 - Level 3.2 Armour
 - Level 3.2 Shields


You had 3 spell levels left.
You didn't know any spells.
Your spell library was empty.

Inventory:

Hand Weapons
 e - a +0 whip
 Y - a +0 war axe (weapon)
Armour
 b - a +0 scale mail (worn)
 c - a +0 buckler (worn)
Scrolls
 a - a scroll of identify
 h - a scroll of magic mapping {unknown}
 j - a scroll of enchant armour {unknown}
Potions
 d - 4 potions of might
 f - a potion of lignification {unknown}
 g - a potion of mutation {unknown}
 i - a potion of curing {unknown}
 k - a potion of brilliance {unknown}

Dungeon Overview and Level Annotations

Branches:
Dungeon (2/15)

Altars:

Annotations:
D:2 Sigmund


Message History

Sigmund shouts!
1589 ||| Stepping ~*~*~tactically~*~*~ (hiding).
You start waiting.
Sigmund is nearby!
Sigmund points at you and mumbles some strange words.
You are confused.
Sigmund hits you but does no damage.
You bump into the rock wall.
Sigmund hits you with a +0 scythe of flaming.
Sigmund burns you.
You hit Sigmund.
Sigmund is moderately wounded.
Sigmund barely misses you.
You closely miss Sigmund.
Sigmund is moderately wounded.
Sigmund hits you but does no damage.
Sigmund hits you from afar with a +0 scythe of flaming.
Sigmund burns you.
You feel less confused.
You slash Sigmund!
Sigmund is heavily wounded.
Sigmund hits you with a +0 scythe of flaming.
Sigmund burns you.
You completely miss Sigmund.
Sigmund is heavily wounded.
Sigmund hits you with a +0 scythe of flaming.
Sigmund burns you.
You barely miss Sigmund.
Sigmund is heavily wounded.
Sigmund hits you but does no damage.
You closely miss Sigmund.
Sigmund is heavily wounded.
Sigmund casts a spell at you.
You are confused.
Sigmund points at you and mumbles some strange words.
You resist with some effort.
You bump into the rock wall.
Sigmund closely misses you.
Sigmund hits you with a +0 scythe of flaming.
You die...

.######### ######
...... #.####
######### .......
##...## ##.
..###...@.###.....
.
.........@........
#
..###.....####.###
# ##.#.#####.## #.
#.###........
#..####.#.########
#>...###.####
#....%%)....#
#.#.###%####.#


You could see Sigmund.

Vanquished Creatures
  2 adders (D:2)
  A worm (D:2)
  2 dart slugs
  4 bats
  4 endoplasms
  A giant cockroach (D:2)
  4 hobgoblins
  3 jackals (D:2)
  A quokka (D:2)
  3 ball pythons
  2 frilled lizards
  3 kobolds (D:2)
  2 rats (D:1)
32 creatures vanquished.

Notes
Turn   | Place    | Note
-------+----------+-------------------------------------------
     0 | D:1      | qw the Gargoyle Fighter began the quest for the Orb.
     0 | D:1      | Reached XP level 1. HP: 14/14 MP: 1/1
     0 | D:1      | 0 ||| qw: Version: 0.1-a-119-g272c26d
     0 | D:1      | 0 ||| qw: Game counter: 10908
     0 | D:1      | 0 ||| qw: Always use a shield: true
     0 | D:1      | 0 ||| qw: God list: Okawaru
     0 | D:1      | 0 ||| qw: Allow faded altars: false
     0 | D:1      | 0 ||| qw: Do Orc after D:15 true
     0 | D:1      | 0 ||| qw: Do second Lair branch before Depths: true
     0 | D:1      | 0 ||| qw: Lair rune preference: random
     0 | D:1      | 0 ||| qw: Plans: Normal, Zot, God:TSO, Crypt, Tomb, Pan,
                  | Slime, Hells, Zig, Abyss, Orb
     0 | D:1      | 0 ||| PLANNING D:1-11
   218 | D:1      | 218 ||| Stepping ~*~*~tactically~*~*~ (hiding).
   227 | D:1      | Reached XP level 2. HP: 19/19 MP: 2/2
   381 | D:1      | Found a faded altar of an unknown god.
   605 | D:1      | 605 ||| READING 2 scrolls labelled WOZXIT HUHAIGH.
   606 | D:1      | 606 ||| READING scroll labelled VAQIWU ICAWIM.
   607 | D:1      | 607 ||| READING scroll labelled MUMPUR GECK.
   882 | D:2      | Reached skill level 3 in Axes
   911 | D:2      | 911 ||| Stepping ~*~*~tactically~*~*~ (hiding).
   920 | D:2      | Reached XP level 3. HP: 23/23 MP: 3/3
  1530 | D:2      | 1530 ||| Stepping ~*~*~tactically~*~*~ (stealth).
  1531 | D:2      | 1531 ||| Stepping ~*~*~tactically~*~*~ (stealth).
  1553 | D:2      | Reached XP level 4. HP: 25/28 MP: 4/4
  1588 | D:2      | Noticed Sigmund
  1589 | D:2      | 1589 ||| Stepping ~*~*~tactically~*~*~ (hiding).
  1601 | D:2      | HP: 3/28 [Sigmund/+0 scythe of flaming (5)]
  1601 | D:2      | HP: 1/28 [Sigmund/+0 scythe of flaming (2)]
  1608 | D:2      | Slain by Sigmund

Levels and vault maps discovered:
D:1:      lightli_arrival_quake, layout_rooms, chequers_ecumenical_altar_simple
D:2:      layout_loops_ring, st_stairs_7, uniq_sigmund, uniq_terence

Skill      XL: |  1  2 |
---------------+-------+-----
Axes           | 2 3 |  3.7
Fighting       | |  3.2
Armour         | |  3.2
Shields        | |  3.2

Action                   |  1- 3 |  4- 6 || total
-------------------------+-------+-------++-------
Melee: War axe           |   114 |     6 ||   120
  Use: Scroll            |     3 |       ||     3
Armor: Scale mail        |    80 |     3 ||    83
Dodge: Dodged            |    58 |     2 ||    60
Block: Buckler           |    24 |       ||    24

Table legend:
 A = Non-vault XP
 B = Vault XP
 C = Vault XP percentage of total XP
 D = Non-vault monster count
 E = Vault monster count
 F = Vault count percentage of total count
                 A         B        C        D         E       F
            +---------+---------+-------+---------+---------+-------
      Total |      78 |       4 |   4.9 |      31 |       1 |   3.1
            +---------+---------+-------+---------+---------+-------
        D:1 |      20 |       0 |   0.0 |      12 |       0 |   0.0
        D:2 |      58 |       4 |   6.5 |      19 |       1 |   5.0
            +---------+---------+-------+---------+---------+-------
